Map: Arctic Dream LE

Players

kookooseen - Winner!

  • Race: Zerg Zerg
  • League: Diamond
  • Spawn Location: 6:00

CrabBooster - Winner!

  • Race: Zerg Zerg
  • Spawn Location: 5:00

qqq

  • Race: Zerg Zerg
  • League: Platinum
  • Spawn Location: 12:00

Massa

  • Race: Terran Terran
  • League: Gold
  • Spawn Location: 11:00

VOD

Have the link to the VOD?

Description

Time

  • Played on: May 12, 2020, 2:53 p.m.
  • Length: 9:10
Show
View Real Time Build Order
Export as new Build Order

kookooseen Zerg - Winner!

Build Orders: Hatch First 

Get SALT Encoding   

  12  0:01  Drone  
  13  0:10  Drone  
  14  0:16  Overlord  
  14  0:44  Hatchery  
  14  0:46  Drone  
  14  0:48  Drone  
  15  0:51  Drone  
  16  0:57  Drone  
  17  1:11  Extractor  
  17  1:13  Spawning Pool  
  17  1:15  Drone  
  16  1:19  Drone  
  17  1:31  Drone  
  18  1:41  Drone  
  19  1:53  Overlord  
  19  1:57  Drone  
  19  2:00  Queen x2  
  24  2:08  Drone x2  
  26  2:13  Metabolic Boost  
  27  2:15  Zergling x2  
  27  2:18  Zergling x2  
  28  2:33  Drone x2  
  30  2:38  Baneling Nest  
  29  2:45  Drone x3  
  29  2:51  Drone  
  33  2:55  Overlord  
  33  3:17  Queen x2  
  37  3:22  Baneling x2  
  37  3:24  Baneling  
  37  3:25  Zergling x10  
  41  3:41  Zergling x4  
  41  3:47  Baneling  
  41  3:48  Baneling x3  
  37  4:11  Overlord x3  
  37  4:23  Baneling x2  
  37  4:28  Overlord x4  
  37  4:29  Queen x2  
  41  4:47  Extractor  
  41  4:50  Roach Warren  
  41  4:51  Evolution Chamber  
  34  5:05  Drone x3  
  34  5:06  Overlord  
  37  5:08  Drone  
  37  5:09  Drone x4  
  42  5:31  Roach  
  42  5:32  Roach x3  
  50  5:39  Zergling x4  
  52  5:47  Zergling x4  
  48  6:00  Baneling  
  48  6:01  Baneling x3  
  50  6:04  Roach x4  
  50  6:09  Lair  
  54  6:35  Roach  
  54  6:36  Roach x5  
  54  6:39  Overlord x2  
  66  6:58  Zerg Missile Weapons Level 1  
  66  7:01  Extractor  
  66  7:03  Drone x3  
  67  7:23  Ravager  
  67  7:24  Ravager  
  67  7:26  Zergling x14  
  76  7:30  Glial Reconstitution  
  76  7:45  Baneling  
  76  7:46  Baneling x4  
  70  8:05  Ravager  
  71  8:08  Zergling x26  
  84  8:19  Zergling x2  
  85  8:20  Zergling x2  
  85  8:24  Extractor  
  85  8:26  Hydralisk Den  
  77  8:38  Ravager  
  77  8:39  Ravager  
Show
View Real Time Build Order
Export as new Build Order

CrabBooster Zerg - Winner!

Build Orders: Hatch First 

Get SALT Encoding   

  12  0:03  Drone  
  13  0:12  Drone  
  14  0:16  Overlord  
  14  0:54  Hatchery  
  13  1:14  Drone x3, Spawning Pool  
  13  1:15  Extractor  
  14  1:26  Drone  
  15  1:36  Drone  
  17  1:47  Drone  
  17  1:58  Drone  
  18  2:04  Queen  
  18  2:07  Queen  
  22  2:11  Zergling x4  
  24  2:17  Drone  
  25  2:32  Zergling x6  
  28  2:40  Baneling Nest  
  28  2:41  Extractor, Drone x2  
  28  2:52  Overlord  
  28  3:11  Overlord x2  
  28  3:12  Roach Warren  
  27  3:13  Drone  
  28  3:25  Metabolic Boost  
  28  3:30  Drone x2  
  30  3:38  Baneling  
  30  3:39  Baneling x5  
  30  4:04  Zergling x2  
  30  4:05  Zergling x14  
  33  4:17  Zergling x2  
  33  4:18  Zergling x6  
  37  4:26  Roach  
  39  4:33  Roach x2  
  43  4:47  Overlord  
  43  5:03  Zergling x4  
  43  5:05  Overlord  
  43  5:06  Overlord  
  42  5:15  Baneling x3  
  42  5:16  Baneling x3  
  36  5:22  Zergling x6  
  36  5:28  Zergling x4  
  32  5:47  Queen  
  32  5:49  Queen  
  35  5:54  Zergling x2  
  29  6:11  Zergling x2  
  29  6:12  Zergling x8  
  29  6:18  Baneling x2  
  34  6:25  Drone x3  
  37  6:33  Baneling x4  
  37  6:41  Drone x2  
  39  6:47  Lair  
  39  6:55  Drone x3  
  39  6:56  Drone  
  39  7:00  Hatchery  
  42  7:13  Zergling x2, Roach x2  
  42  7:14  Roach x2  
  51  7:30  Baneling x6  
  51  7:32  Roach x4  
  51  7:36  Overlord  
  51  7:37  Overlord  
  48  8:13  Evolution Chamber  
  48  8:14  Drone x8  
  55  8:25  Extractor  
  55  8:26  Drone x3  
  57  8:27  Extractor  
  57  8:29  Queen  
  58  8:41  Zergling x6  
Show
View Real Time Build Order
Export as new Build Order

qqq Zerg 

Build Orders: Hatch First, Zergling Baneling 

Get SALT Encoding   

  12  0:03  Drone  
  13  0:11  Drone  
  14  0:38  Hatchery  
  13  0:51  Spawning Pool  
  12  0:58  Overlord  
  12  1:01  Drone  
  13  1:06  Drone  
  13  1:08  Extractor  
  13  1:12  Drone  
  14  1:25  Drone  
  16  1:32  Drone  
  16  1:37  Queen  
  18  1:44  Drone  
  19  1:53  Zergling x2  
  20  1:55  Queen  
  20  2:00  Drone  
  23  2:04  Drone  
  23  2:08  Zergling x2  
  25  2:13  Zergling x2  
  26  2:18  Zergling x2  
  27  2:24  Metabolic Boost  
  27  2:27  Zergling x2  
  28  2:34  Baneling Nest  
  28  2:35  Zergling x2  
  28  2:41  Overlord  
  28  2:54  Overlord  
  28  3:02  Zergling x6  
  28  3:03  Zergling x2  
  32  3:05  Zergling x2  
  32  3:12  Drone  
  34  3:13  Zergling x2  
  35  3:25  Zergling x6  
  38  3:41  Zergling x4  
  38  3:42  Zergling x2  
  38  3:43  Zergling x6  
  44  3:52  Baneling x3  
  44  3:53  Baneling x2  
  43  4:05  Baneling  
  43  4:07  Overlord  
  38  4:19  Baneling x4  
  38  4:20  Zergling x2  
  38  4:21  Zergling x6  
  38  4:22  Drone  
  44  4:38  Zergling x2  
  44  4:42  Drone, Zergling x4  
  44  4:44  Zergling x2  
  39  5:06  Zergling x4  
  36  5:07  Zergling x6  
  36  5:11  Zergling x10  
  36  5:12  Zergling x2  
  43  5:35  Zergling x6  
  45  5:36  Zergling x4  
  42  5:46  Zergling x6  
  42  5:47  Zergling x6  
  47  5:55  Baneling x3  
  47  5:56  Baneling  
  47  6:02  Zergling x2  
  47  6:03  Zergling x4  
  46  6:18  Zergling x4  
  47  6:19  Lair  
  46  6:31  Drone  
  47  6:36  Drone  
  47  6:38  Zergling x2  
  49  6:40  Hatchery  
  49  6:43  Zergling x2  
  49  6:45  Zergling x2  
  50  6:51  Overlord  
  50  7:07  Zergling x4  
  50  7:08  Overlord x2  
  45  7:20  Zergling x4  
  45  7:21  Zergling x2  
  45  7:22  Drone, Zergling x2  
  50  7:43  Zergling x4  
  52  7:45  Drone  
  53  7:53  Hatchery  
  33  7:58  Zergling x6  
  33  7:59  Zergling x4  
  38  8:07  Extractor  
  38  8:12  Drone  
  38  8:13  Spire  
  38  8:15  Drone  
  38  8:28  Zergling x2  
  38  8:29  Zergling x8  
  42  8:43  Zergling x4  
  42  8:47  Drone x3  
  47  8:49  Extractor  
  47  8:51  Extractor  
Show
View Real Time Build Order
Export as new Build Order

Massa Terran 

Build Orders:  

Get SALT Encoding   

  12  0:11  Supply Depot  
  12  0:13  SCV  
  13  0:25  SCV  
  14  0:34  Barracks  
  14  0:37  SCV  
  15  0:47  Supply Depot  
  15  0:49  SCV  
  16  1:01  SCV  
  17  1:06  Barracks  
  17  1:13  SCV  
  18  1:23  Barracks, Marine  
  20  1:38  Barracks  
  20  1:39  SCV  
  20  1:42  Marine  
  21  1:55  Marine, Supply Depot  
  21  2:00  Marine  
  23  2:03  Refinery  
  23  2:13  Marine  
  25  2:16  Orbital Command  
  25  2:17  Marine  
  25  2:19  Marine  
  26  2:27  Marine  
  27  2:30  Marine  
  27  2:35  Marine  
  29  2:37  Marine  
  30  2:45  Marine  
  30  2:48  Marine  
  32  2:52  Marine  
  32  2:55  SCV, Marine  
  35  3:03  Marine  
  36  3:06  Marine  
  36  3:07  Supply Depot  
  36  3:10  SCV, Marine  
  39  3:29  Marine x4, Supply Depot  
  43  3:46  Marine x4  
  47  4:01  Factory  
  36  4:04  Marine x4  
  33  4:22  Marine x4  
  37  4:40  Marine x4  
  41  4:46  Factory Tech Lab  
  41  4:48  Barracks  
  41  4:58  Marine x4  
  45  5:15  Marine  
  45  5:16  Marine x2  
  44  5:27  Marine  
  42  5:33  Marine x3  
  45  5:41  Marine  
  46  5:45  Marine  
  47  5:51  Marine x3  
  45  5:59  Marine  
  45  6:03  Marine  
  35  6:09  Marine x3  
  35  6:10  Siege Tank  
  40  6:16  Marine  
  40  6:21  Marine  
  40  6:27  Marine x3  
  43  6:34  Marine  
  44  6:42  Siege Tank  
  44  6:44  Engineering Bay  
  47  6:47  Marine  
  47  6:48  Marine  
  47  6:50  Command Center  
  47  6:51  Marine  
  50  6:54  Marine  
  51  7:07  Marine x3  
  54  7:08  Marine  
  55  7:18  Marine  
  55  7:42  Supply Depot  
  55  7:50  Marine  
  55  7:51  Marine x2  
  55  7:52  Marine x2  
  34  8:07  Marine  
  34  8:09  Marine x2, Siege Tank  
  34  8:10  Marine x2  
  37  8:21  Bunker  
  37  8:25  Marine  
  38  8:27  Marine x3  
  38  8:28  Marine  
  39  8:43  Marine  
  39  8:47  Marine  
  39  8:48  Marine x3  
Tags
 
Add a new tag
Caveats
  • Supply blocks, unpowered buildings, or Contaminate may cause inaccurate times.
  • Supply counts are checked every 10 seconds.